 Dungeon Crawl Stone Soup version 0.32-a0-995-gb4a59205af (webtiles) character file.

Game seed: 3776926571280740343

327549 Maxmaps the Gnoll Aeon (level 21, -8/201 HPs)
             Began as a Gnoll Shapeshifter on Apr 22, 2024.
             Was the Champion of Cheibriados.
             Mangled by an azure jelly (22 damage)
             ... on level 5 of the Pits of Slime.
             The game lasted 01:59:44 (41126 turns).

Maxmaps the Gnoll Aeon (Gnoll Shapeshifter)        Turns: 41126, Time: 01:59:45

Health: -8/201     AC: 22    Str: 28    XL:     21   Next: 67%
Magic:  12/49      EV: 27    Int: 42    God:    Cheibriados [******]
Gold:   4468       SH: 18    Dex: 29    Spells: 13/50 levels left

rFire   + +          +
                       - Unarmed
rCold   + . .        p - +2 kite shield {reflect}
rNeg    + + .        G - melded +0 ice dragon scales
rPois   ∞            g - +2 hat
rElec   +            s - scarf {rC+ rF+}
rCorr   +            (gloves currently unavailable)
SInv    .            n - melded +2 pair of boots
Will    +....        v - amulet of regeneration
Stlth   ++++++       o - ring of Bemn {Fly rN+ rMut rCorr}
HPRegen 1.33/turn    Z - ring "Rusuomia" {rF+++ MP+9 Int+4}
MPRegen 0.31/turn

%: reflection, resist mutation
@: about to teleport, statue-form, corroded, flying, very slow
A: slow and powerful, torment resistance 1, boosted hp, fangs 1, strong nose,
distributed training
}: 2/15 runes: serpentine, barnacled
a: Begin Untransformation, Renounce Religion, Bend Time, Temporal Distortion,
Slouch, Step From Time


You were on level 5 of the Pits of Slime.
You worshipped Cheibriados.
Cheibriados was exalted by your worship.
You were a living statue of rough stone.
You visited 8 branches of the dungeon, and saw 39 of its levels.
You also visited: Gauntlet and Ice Cave.

You collected 5889 gold pieces.
You spent 1421 gold pieces at shops.

Inventory:

Hand Weapons
 J - the +3 Elemental Staff {ele, rElec rF+ rC+ AC+3}
   (You found it on level 3 of the Elven Halls)

   AC+3:      It affects your AC (+3).
   rF+:       It protects you from fire.
   rC+:       It protects you from cold.
   rElec:     It insulates you from electricity.
Missiles
 E - 5 throwing nets (quivered)
Armour
 g - a +2 hat (worn)
 n - a +2 pair of boots (melded)
 p - a +2 kite shield of reflection (worn)
 r - the +4 skin of Zhor {*Englaciate rC+++ SInv}
   (You found it in an ice cave)

   *Englaciate: It radiates cold, occasionally slowing all nearby creatures who
   are not resistant to cold.
   rC+++:     It renders you almost immune to cold.
   SInv:      It lets you see invisible.
 s - a scarf of resistance (worn)
 D - a +0 tower shield of positive energy
 G - +0 ice dragon scales (melded)
Jewellery
 o - the ring of Bemn (left fist) {Fly rN+ rMut rCorr}
   (You bought it in a shop on level 3 of the Shoals)

   [ring of flight]

   rN+:       It protects you from negative energy.
   Fly:       It grants you flight.
   rCorr:     It protects you from acid and corrosion.
   rMut:      It protects you from mutation.
 v - an amulet of regeneration (around neck)
 L - the ring of the Puckish God {Wiz MP+9 Dex+2 SInv}
   (You found it in an ice cave)

   [ring of wizardry]

   Wiz:       It improves your spell success rate.
   Dex+2:     It affects your dexterity (+2).
   MP+9:      It affects your magic capacity (+9).
   SInv:      It lets you see invisible.
 Y - the amulet "Ruhyj" {rPois rC+ RegenMP+ Str+4 Int+3}
   (You found it on level 4 of the Shoals)

   [amulet of magic regeneration]

   It increases your rate of magic regeneration.
   Str+4:     It affects your strength (+4).
   Int+3:     It affects your intelligence (+3).
   rC+:       It protects you from cold.
   rPois:     It protects you from poison.
   RegenMP+:  It increases your rate of magic regeneration.
 Z - the ring "Rusuomia" (right fist) {rF+++ MP+9 Int+4}
   (You found it on level 5 of the Lair of Beasts)

   [ring of magical power]

   Int+4:     It affects your intelligence (+4).
   rF+++:     It renders you almost immune to fire.
   MP+9:      It affects your magic capacity (+9).
Talismans
 x - a storm talisman
 H - the granite talisman "Jimmu" (active) {rCorr Int+4 Stlth-}
   (You found it in a Gauntlet)

   [granite talisman]

   Int+4:     It affects your intelligence (+4).
   rCorr:     It protects you from acid and corrosion.
   Stlth-:    It makes you less stealthy.
 O - a dragon-blood talisman
Wands
 f - a wand of paralysis (44)
 l - a wand of polymorph (28)
 N - a wand of iceblast (39)
 P - a wand of quicksilver (15)
 S - a wand of digging (9)
 T - a wand of mindburst (17)
Scrolls
 h - 7 scrolls of enchant armour
 i - 3 scrolls of amnesia
 q - 4 scrolls of enchant weapon
 t - 8 scrolls of teleportation
 w - 4 scrolls of vulnerability
 y - a scroll of fear
 B - 6 scrolls of fog
 C - 6 scrolls of brand weapon
 Q - 16 scrolls of identify
 R - 5 scrolls of immolation
 U - 2 scrolls of torment
 V - 3 scrolls of silence
Potions
 a - a potion of resistance
 b - 4 potions of enlightenment
 d - 2 potions of might
 j - 6 potions of brilliance
 k - 4 potions of lignification
 u - 6 potions of cancellation
 z - a potion of attraction
 F - 4 potions of mutation
 I - 2 potions of magic
 M - 3 potions of berserk rage
Miscellaneous
 c - a sack of spiders
 e - a phantom mirror
 m - a lightning rod (4/4)
 W - a phial of floods
 X - a condenser vane


   Skills:
 + Level 15.2 Fighting
 + Level 15.0 Short Blades
 + Level 15.0 Long Blades
 + Level 15.0 Axes
 + Level 15.0 Maces & Flails
 + Level 15.0 Polearms
 + Level 15.0 Staves
 + Level 15.0 Ranged Weapons
 + Level 15.0 Throwing
 + Level 15.0 Armour
 + Level 15.6 Dodging
 + Level 15.0 Stealth
 + Level 15.0 Shields
 + Level 16.2 Unarmed Combat
 + Level 15.0 Spellcasting
 + Level 12.8 Conjurations
 + Level 12.8 Hexes
 + Level 12.8 Summonings
 + Level 12.8 Necromancy
 + Level 12.8 Translocations
 + Level 12.8 Fire Magic
 + Level 12.8 Ice Magic
 + Level 12.8 Air Magic
 + Level 12.8 Earth Magic
 + Level 12.8 Alchemy
 + Level 16.3 Invocations
 + Level 15.0 Evocations
 + Level 15.2 Shapeshifting


You had 13 spell levels left.
You knew the following spells:

 Your Spells              Type           Power      Damage    Failure   Level
a - Blink                 Tloc           100%       N/A       0%          2
b - Ozocubu's Armour      Ice            96%        N/A       1%          3
c - Permafrost Eruption   Ice/Erth       48%        2x4d11    1%          6
d - Magnavolt             Erth/Air       48%        3d21      6%          7
e - Rimeblight            Ice/Necr       48%        2d9       (prima6%    7
f - Summon Mana Viper     Hex/Summ       96%        N/A       1%          5
g - Monstrous Menagerie   Summ           48%        N/A       6%          7

Your spell library contained the following spells:

 Spells                   Type           Power      Damage    Failure   Level
 Apportation              Tloc           100%       N/A       0%          1
 Kiss of Death            Conj/Necr      100%       2d13      0%          1
 Sandblast                Erth           100%       2d20      0%          1
 Shock                    Conj/Air       100%       1d9       0%          1
 Slow                     Hex            100%       N/A       0%          1
 Summon Small Mammal      Summ           100%       N/A       0%          1
 Call Imp                 Summ           100%       N/A       0%          2
 Ensorcelled Hibernation  Hex/Ice        100%       N/A       0%          2
 Jinxbite                 Hex            100%       N/A       0%          2
 Lesser Beckoning         Tloc           100%       N/A       0%          2
 Momentum Strike          Conj/Tloc      100%       3d10      0%          2
 Static Discharge         Conj/Air       100%       3-8/arc   0%          2
 Call Canine Familiar     Summ           96%        N/A       1%          3
 Confusing Touch          Hex            96%        N/A       1%          3
 Dazzling Flash           Conj/Hex       100%       N/A       1%          3
 Fugue of the Fallen      Necr           96%        N/A       1%          3
 Maxwell's Portable Pile  Tloc           96%        2d(14-42) 1%          3
 Mephitic Cloud           Conj/Alch/Air  96%        N/A       1%          3
 Passwall                 Erth           96%        N/A       1%          3
 Sigil of Binding         Hex            96%        N/A       1%          3
 Stone Arrow              Conj/Erth      100%       3d13      1%          3
 Summon Ice Beast         Ice/Summ       96%        N/A       1%          3
 Swiftness                Air            96%        N/A       1%          3
 Teleport Other           Tloc           96%        N/A       1%          3
 Vampiric Draining        Necr           96%        2d12      1%          3
 Volatile Blastmotes      Fire/Tloc      100%       2d18      1%          3
 Airstrike                Air            48%        2d(7-23)  1%          4
 Anguish                  Hex/Necr       48%        N/A       1%          4
 Animate Armour           Summ/Erth      100%       N/A       1%          4
 Dimensional Bullseye     Hex/Tloc       48%        N/A       1%          4
 Dispel Undead            Necr           96%        3d30      1%          4
 Fulminant Prism          Conj/Alch      48%        3d21      1%          4
 Iskenderun's Mystic Bla  Conj/Tloc      96%        2d19      (+2d11%     4
 Summon Blazeheart Golem  Fire/Summ      96%        N/A       1%          4
 Alistair's Intoxication  Alch           64%        N/A       1%          5
 Curse of Agony           Necr           96%        N/A       1%          5
 Freezing Cloud           Conj/Ice/Air   48%        6-21      1%          5
 Silence                  Hex/Air        48%        N/A       1%          5
 Yara's Violent Unravell  Hex/Alch       48%        3d19      1%          5
 Enfeeble                 Hex            48%        N/A       6%          7
 Manifold Assault         Tloc           48%        N/A       6%          7
 Summon Hydra             Summ           48%        N/A       6%          7
 Maxwell's Capacitive Co  Air            48%        ∞         41%         8
 Chain Lightning          Conj/Air       48%        3d64      100%        9
 Fire Storm               Conj/Fire      48%        8d12      100%        9
 Shatter                  Erth           48%        3d37*     100%        9
 Sublimation of Blood     Necr           Unusable   N/A       N/A         2

Dungeon Overview and Level Annotations

Branches:
Dungeon (15/15)            Temple (1/1) D:4            Lair (5/5) D:8
 Shoals (4/4) Lair:3        Snake (4/4) Lair:2        Slime (5/5) Lair:5
    Orc (2/2) D:9             Elf (3/3) Orc:2        Vaults (0/5) D:14
 Depths (0/4) D:15          IceCv (visited)         Gauntlet (visited)

Altars:
Ashenzari
Cheibriados
Dithmenos
Elyvilon
Fedhas
Gozag
Hepliaklqana
Kikubaaqudgha
Makhleb
Nemelex Xobeh
Okawaru
Qazlal
Ru
Sif Muna
Trog
Uskayaw
Vehumet
Wu Jian
Xom
Yredelemnul
Zin
The Shining One
Beogh
Jiyva

Shops:
D:9 (   D:10 =   D:13 *   Orc:1 *(*=   Orc:2 *[(*   Elf:2 *   Shoals:1 (!(((
Shoals:3 =

Portals:
Trove: D:13 (show slimy rune of Zot)

Annotations:
Slime:5 Royal Jelly


Innate Abilities, Weirdness & Mutations

You are a living statue of rough stone.
Your actions are slow, but your melee attacks are powerful.
You are resistant to unholy torment.
Your maximum health is increased.
Your equipment is partially melded.
You are immune to poison.
You have very sharp teeth.
Your uncanny sense of smell can sniff out nearby items.
Your experience applies equally to all skills.


Message History

You feel magically purged.
The sentinel's mark upon you fades away.
You are no longer corroded.
You block the Royal Jelly's attack. x2; The azure jelly barely misses you.
You block the azure jelly's attack. The azure jelly barely misses you.
The azure jelly closely misses you. The acid blob spits acid at you.
The splash of acid hits you! You resist.
* * * LOW HITPOINT WARNING * * *
The acid corrodes you! The acid blob barely misses you.
The azure jelly barely misses you.
The azure jelly hits you but does no damage.
The azure jelly closely misses you.
The azure jelly hits you but does no damage.
As you read the scroll of teleportation, it crumbles to dust.
You feel strangely unstable.
The formless jellyfish seems to regain its courage.
The rockslime seems to regain its courage.
The acid blob spits acid at you. The splash of acid hits you! You resist.
* * * LOW HITPOINT WARNING * * *
The acid corrodes you! The acid blob spits acid at you.
Your +2 kite shield of reflection blocks the splash of acid... and reflects it back!
The splash of acid hits the acid blob.
The acid blob completely resists.
You block the azure jelly's attack.
The azure jelly hits you but does no damage. x2
The azure jelly completely misses you. The acid blob barely misses you.
The acid blob misses you. x2
The acid blob spits acid at you. The splash of acid hits you! You resist.
* * * LOW HITPOINT WARNING * * *
The acid corrodes you!
The formless jellyfish shimmers eerily.
The formless jellyfish blinks!
You block the azure jelly's attack. The azure jelly hits you.
* * * LOW HITPOINT WARNING * * *
The azure jelly freezes you!! You resist.
You die...
Cheibriados appreciates the motionlessness of death.

.G....
..............#
...JX........#
.J..JJ.......#
#.
...........#...
._..J........
....J..G...#
......JJJ..#
.....JJIJ..#
......J....#
.....J..J.##
...G....###
....§.###$!
....###!$[!# #.
..###[()):[# ..
###$[(![φ/?# #


You could see the Royal Jelly, a formless jellyfish, 5 acid blobs, an azure
jelly, 2 great orbs of eyes, 4 slime creatures, a nameless horror, a rockslime
and a quicksilver ooze.

Vanquished Creatures
  Dissolution (Slime:1)
  Mara (Snake:3)
  Jorgrun (Snake:2)
  Mlioglotl (Snake:1)
  2 deep elf master archers (Elf:3)
  8 acid blobs
  A kraken (Shoals:1)
  Polyphemus (Shoals:3)
  Agnes (Snake:4)
  Aizul (Snake:2)
  The ghost of rbyellow5 the Sensei, an adept OpFi of Ashenzari (Snake:3)
  5 azure jellies
  A shadow dragon (Elf:1)
  10 rockslimes
  A nagaraja (Snake:3)
  Ilsuiw (Shoals:3)
  11 deep elf sorcerers
  4 deep elf elementalists (Elf:3)
  An orc warlord (Orc:2)
  An angel (Shoals:4)
  A quicksilver ooze (Slime:3)
  A vampire knight (D:14)
  6 deep elf death magi (Elf:3)
  6 deep elf demonologists
  5 deep elf annihilators (Elf:3)
  A minotaur (Gauntlet)
  5 merfolk javelineers
  A fire dragon (Elf:1)
  4 deep elf high priests
  5 merfolk impalers
  2 ice dragons
  20 anacondas
  2 salamander tyrants
  The ghost of Bunar the Gouger, a journeyman FeSh of Ru (Shoals:3)
  3 hydras
  2 alligator snapping turtles
  2 ogre magi (D:15)
  7 centaur warriors
  A sphinx zombie (D:15)
  A boulder beetle (D:15)
  2 merfolk avatars
  41 dancing weapons
  5 satyrs
  10 two-headed ogres
  13 death yaks
  2 catoblepae (Shoals:3)
  9 merfolk aquamancers
  A death scarab (Gauntlet)
  7 naga warriors
  A vampire mage (D:15)
  2 orc high priests (Orc:2)
  9 naga sharpshooters
  6 shock serpents
  25 deep elf knights
  A wretched star (Gauntlet)
  3 skeletal warriors (D:15)
  A spectral death yak (Gauntlet)
  9 skysharks
  8 salamander mystics
  An arcanist (D:15)
  A cherub (Shoals:4)
  10 deep elf archers
  13 mana vipers
  12 sea snakes
  8 naga ritualists
  A glowing orange brain (Slime:4)
  10 thermic dynamos
  36 slime creatures
  15 harpies
  4 lindwurms
  37 deep elf pyromancers
  3 obsidian bats
  31 deep elf zephyrmancers
  A necromancer (D:15)
  10 manticores
  10 ugly things
  2 orc sorcerers
  15 fauns
  18 salamanders
  6 merfolk sirens
  Maurice (D:7)
  4 cyclopes
  3 elephants (Lair:1)
  26 black mambas
  12 kobold blastminers
  5 guardian serpents
  3 meliai (D:15)
  9 naga magi
  2 ice statues (IceCv)
  5 water nymphs
  A torpor snail (Lair:2)
  16 cane toads
  An unseen horror (D:10)
  7 rime drakes
  A freezing wraith (D:15)
  A gargoyle (D:11)
  8 komodo dragons
  2 trolls (D:11)
  6 polar bears
  22 merfolk
  6 wind drakes
  20 blink frogs
  6 hornets
  2 glass eyes (Slime:5)
  6 dream sheep
  A spriggan zombie (D:15)
  A shadow (D:10)
  6 snapping turtles
  3 centaur simulacra
  10 water elementals
  5 air elementals
  10 spriggans (Lair:5)
  48 yaks
  4 wraiths
  6 wyverns
  4 golden eyes
  5 fire elementals
  2 neqoxecs (Gauntlet)
  7 basilisks
  A steam dragon (D:7)
  A death yak simulacrum (D:13)
  26 nagas
  5 acid dragons
  12 water moccasins
  32 orc warriors
  A meliai simulacrum (Gauntlet)
  4 black bears
  A sky beast (D:5)
  4 laughing skulls
  A small abomination (Gauntlet)
  12 centaurs
  18 ogres
  4 boggarts (Lair:5)
  20 wolves
  A phantom (D:5)
  3 kobold brigands
  A gnoll sergeant (D:5)
  11 bullfrogs
  A cane toad simulacrum (D:13)
  6 earth elementals
  4 scorpions
  2 two-headed ogre simulacra (D:13)
  A burial acolyte (D:9)
  8 wights
  4 lindwurm simulacra (IceCv)
  6 howler monkeys
  4 bombardier beetles
  8 komodo dragon simulacra (IceCv)
  A wyvern simulacrum (Gauntlet)
  2 jellies (D:5)
  Crazy Yiuf (D:3)
  2 hounds
  21 orc priests
  2 gnoll boudas (D:9)
  6 iguanas
  Jessica (D:2)
  4 sleepcaps
  19 orc wizards
  2 spriggan simulacra (D:13)
  A polar bear simulacrum (D:13)
  7 acid dragon simulacra (IceCv)
  5 adders
  23 gnolls
  A naga simulacrum (D:13)
  A shadow imp (D:7)
  5 white imps
  2 steam dragon simulacra (IceCv)
  2 adder zombies (D:9)
  A dart slug (D:2)
  2 ribbon worms
  101 orcs
  6 endoplasms
  4 giant cockroaches
  5 goblins
  6 hobgoblins
  A quokka (D:2)
  9 ball pythons
  7 bats
  A frilled lizard (D:2)
  A jackal zombie (D:9)
  31 kobolds
  7 rats
  A spectral weapon (Snake:4)
  3 tentacles (Shoals:1)
1312 creatures vanquished.

Vanquished Creatures (collateral kills)
  5 acid blobs
  Donald (Slime:1)
  An azure jelly (Slime:3)
  2 quicksilver oozes
  A glowing orange brain (Slime:4)
  A shining eye (Slime:5)
  A nameless horror (Slime:4)
  A glass eye (Slime:4)
  13 slime creatures
  10 golden eyes
36 creatures vanquished.

Vanquished Creatures (others)
  A deep elf knight (Elf:1)
  2 naga sharpshooters
  A cherub (Shoals:4)
  3 deep elf zephyrmancers
  A salamander (Snake:1)
  A dream sheep (Shoals:4)
  2 starspawn tentacles (Snake:1)
  5 tentacles (Shoals:1)
16 creatures vanquished.

Grand Total: 1364 creatures vanquished

Notes
Turn   | Place    | Note
-------+----------+-------------------------------------------
     0 | D:1      | Maxmaps the Gnoll Shapeshifter began the quest for the Orb.
     0 | D:1      | Reached XP level 1. HP: 17/17 MP: 1/1
   149 | D:1      | Reached XP level 2. HP: 22/23 MP: 2/2
   686 | D:2      | Reached XP level 3. HP: 23/28 MP: 3/3
   728 | D:2      | Reached skill level 1 in Invocations
   951 | D:2      | Noticed Jessica
   955 | D:2      | Killed Jessica
   956 | D:2      | Reached skill level 1 in Short Blades
   956 | D:2      | Reached skill level 1 in Long Blades
   956 | D:2      | Reached skill level 1 in Axes
   956 | D:2      | Reached skill level 1 in Maces & Flails
   956 | D:2      | Reached skill level 1 in Polearms
   956 | D:2      | Reached skill level 1 in Staves
   956 | D:2      | Reached skill level 1 in Ranged Weapons
   956 | D:2      | Reached skill level 1 in Throwing
   956 | D:2      | Reached skill level 1 in Armour
   956 | D:2      | Reached skill level 1 in Stealth
   956 | D:2      | Reached skill level 1 in Shields
   956 | D:2      | Reached skill level 1 in Spellcasting
   956 | D:2      | Reached skill level 1 in Evocations
   956 | D:2      | Reached XP level 4. HP: 24/34 MP: 5/5
  1434 | D:3      | Reached skill level 1 in Conjurations
  1434 | D:3      | Reached skill level 1 in Hexes
  1434 | D:3      | Reached skill level 1 in Summonings
  1434 | D:3      | Reached skill level 1 in Necromancy
  1434 | D:3      | Reached skill level 1 in Translocations
  1434 | D:3      | Reached skill level 1 in Fire Magic
  1434 | D:3      | Reached skill level 1 in Ice Magic
  1434 | D:3      | Reached skill level 1 in Air Magic
  1434 | D:3      | Reached skill level 1 in Earth Magic
  1434 | D:3      | Reached skill level 1 in Alchemy
  1504 | D:3      | Reached XP level 5. HP: 4/40 MP: 5/7
  1686 | D:3      | Found a faded altar of an unknown god.
  1941 | D:3      | Found a runed translucent door.
  1942 | D:3      | Noticed Crazy Yiuf
  2314 | D:3      | Killed Crazy Yiuf
  2315 | D:3      | Reached XP level 6. HP: 47/47 MP: 8/8
  2405 | D:4      | Reached skill level 5 in Dodging
  2416 | D:4      | Found a white marble altar of Elyvilon.
  2825 | D:4      | Reached XP level 7. HP: 51/52 MP: 10/10
  2983 | D:4      | Found a bloodstained altar of Trog.
  3086 | D:4      | Found a staircase to the Ecumenical Temple.
  3118 | Temple   | Entered the Ecumenical Temple
  3143 | Temple   | Became a worshipper of Cheibriados the Contemplative
  3651 | D:5      | Entered Level 5 of the Dungeon
  4014 | D:5      | Reached XP level 8. HP: 60/60 MP: 12/12
  4180 | D:5      | Found a stormy altar of Qazlal.
  4348 | D:5      | Reached * piety under Cheibriados
  5061 | D:6      | Found a basalt altar of Yredelemnul.
  5301 | D:6      | Identified the +3 ring mail of Idealism {rPois rF+ Str-3
                  | Dex+4}
  5610 | D:6      | Reached ** piety under Cheibriados
  5611 | D:6      | Reached XP level 9. HP: 58/66 MP: 14/14
  6031 | D:6      | Found a glowing golden altar of the Shining One.
  6034 | D:6      | Found a sparkling altar of Nemelex Xobeh.
  6038 | D:6      | Found a broken altar of Ashenzari.
  6371 | D:7      | Reached skill level 5 in Fighting
  6460 | D:7      | Noticed Maurice
  6466 | D:7      | Paralysed by something for 5 turns
  6480 | D:7      | Something stole an amulet of faith
  6482 | D:7      | Something stole 172 gold
  6485 | D:7      | Killed Maurice
  6610 | D:7      | Reached skill level 5 in Invocations
  6745 | D:7      | Reached *** piety under Cheibriados
  7589 | D:8      | Noticed a komodo dragon
  7607 | D:8      | Killed a komodo dragon
  7608 | D:8      | Reached skill level 5 in Short Blades
  7608 | D:8      | Reached skill level 5 in Long Blades
  7608 | D:8      | Reached skill level 5 in Axes
  7608 | D:8      | Reached skill level 5 in Maces & Flails
  7608 | D:8      | Reached skill level 5 in Polearms
  7608 | D:8      | Reached skill level 5 in Staves
  7608 | D:8      | Reached skill level 5 in Ranged Weapons
  7608 | D:8      | Reached skill level 5 in Throwing
  7608 | D:8      | Reached skill level 5 in Armour
  7608 | D:8      | Reached skill level 5 in Stealth
  7608 | D:8      | Reached skill level 5 in Shields
  7608 | D:8      | Reached skill level 5 in Spellcasting
  7608 | D:8      | Reached skill level 5 in Evocations
  7608 | D:8      | Reached XP level 10. HP: 51/76 MP: 13/17
  7752 | D:8      | Noticed a cane toad
  7769 | D:8      | Killed a cane toad
  7862 | D:8      | Found a staircase to the Lair.
  7959 | D:8      | Reached **** piety under Cheibriados
  8134 | D:8      | Noticed a +0 dagger
  8135 | D:8      | Noticed a +0 dagger
  8136 | D:8      | Found a hide-covered altar of Uskayaw.
  8227 | D:8      | Found an ornate altar of the Wu Jian Council.
  8334 | D:8      | Noticed a two-headed ogre
  8392 | D:8      | Killed a two-headed ogre
  8937 | D:9      | Found a roughly hewn altar of Beogh.
  9098 | D:9      | Noticed a two-headed ogre
  9158 | D:9      | Found a staircase to the Orcish Mines.
  9212 | D:9      | Reached skill level 5 in Conjurations
  9212 | D:9      | Reached skill level 5 in Hexes
  9212 | D:9      | Reached skill level 5 in Summonings
  9212 | D:9      | Reached skill level 5 in Necromancy
  9212 | D:9      | Reached skill level 5 in Translocations
  9212 | D:9      | Reached skill level 5 in Fire Magic
  9212 | D:9      | Reached skill level 5 in Ice Magic
  9212 | D:9      | Reached skill level 5 in Air Magic
  9212 | D:9      | Reached skill level 5 in Earth Magic
  9212 | D:9      | Reached skill level 5 in Alchemy
  9212 | D:9      | Reached XP level 11. HP: 61/83 MP: 20/20
  9303 | D:9      | Killed a two-headed ogre
  9327 | D:9      | Found Guymien's Antique Weapon Shoppe.
  9367 | D:9      | Reached ***** piety under Cheibriados
  9503 | D:9      | Found an ancient bone altar of Kikubaaqudgha.
  9581 | D:9      | Found an iron altar of Okawaru.
  9826 | D:10     | Entered Level 10 of the Dungeon
 10100 | D:10     | Found Woboba Wenku's Jewellery Boutique.
 10103 | D:10     | Bought a ring of see invisible for 180 gold pieces
 10919 | D:11     | Noticed a two-headed ogre
 10935 | D:11     | Killed a two-headed ogre
 11128 | D:11     | Noticed a cyclops
 11141 | D:11     | Killed a cyclops
 11996 | Lair:1   | Entered Level 1 of the Lair of Beasts
 12235 | Lair:1   | Reached XP level 12. HP: 78/91 MP: 20/22
 13112 | Lair:1   | Reached skill level 10 in Unarmed Combat
 13666 | Lair:2   | Noticed a seven-headed hydra
 13673 | Lair:2   | Killed a seven-headed hydra
 13695 | Lair:2   | Noticed an eight-headed hydra
 13705 | Lair:2   | Killed an eight-headed hydra
 13913 | Lair:2   | Found a staircase to the Snake Pit.
 13915 | Lair:2   | Identified the +1 leather armour "Zataam Boas" {rN+}
 14548 | Lair:3   | Noticed a skyshark
 14567 | Lair:3   | Killed a skyshark
 14568 | Lair:3   | Reached skill level 10 in Shapeshifting
 14568 | Lair:3   | Reached XP level 13. HP: 82/99 MP: 20/25
 14704 | Lair:3   | Found a staircase to the Shoals.
 14739 | Lair:3   | Reached ****** piety under Cheibriados
 16043 | Lair:4   | You fall into a shaft and drop 1 floor!
 16043 | Lair:5   | Entered Level 5 of the Lair of Beasts
 16138 | Lair:4   | Reached skill level 10 in Dodging
 16958 | Lair:5   | Learned a level 2 spell: Blink
 16962 | Lair:5   | Learned a level 3 spell: Ozocubu's Armour
 17015 | Lair:5   | Reached XP level 14. HP: 108/108 MP: 23/27
 17018 | Lair:5   | Reached skill level 10 in Invocations
 17628 | Lair:5   | Identified the ring "Rusuomia" {rF+++ MP+9 Int+4}
 17993 | Lair:5   | Found a runed translucent door.
 17994 | Lair:5   | Found a viscous altar of Jiyva.
 17994 | Lair:5   | Noticed an acid blob
 17995 | Lair:5   | Noticed an acid blob
 17996 | Lair:5   | Found a staircase to the Slime Pits.
 18494 | Orc:1    | Entered Level 1 of the Orcish Mines
 18606 | Orc:1    | Found Livoibup's General Store.
 18609 | Orc:1    | Reached skill level 10 in Fighting
 19019 | Orc:1    | Found Pobonup's Weapon Boutique.
 19022 | Orc:1    | Found Ibrygell's General Store.
 19031 | Orc:1    | Found Acsiuh's Jewellery Shoppe.
 19060 | Orc:1    | Bought a wand of digging (2) for 117 gold pieces
 19090 | Orc:1    | Bought an amulet of regeneration for 390 gold pieces
 19329 | Orc:2    | Entered Level 2 of the Orcish Mines
 19331 | Orc:2    | Found a staircase to the Elven Halls.
 19448 | Orc:2    | Found a roughly hewn altar of Beogh.
 19920 | Orc:2    | Found a roughly hewn altar of Beogh.
 19981 | Orc:2    | Found a roughly hewn altar of Beogh.
 20046 | Orc:2    | Noticed an orc warlord
 20069 | Orc:2    | Killed an orc warlord
 20070 | Orc:2    | Reached skill level 10 in Short Blades
 20070 | Orc:2    | Reached skill level 10 in Long Blades
 20070 | Orc:2    | Reached skill level 10 in Axes
 20070 | Orc:2    | Reached skill level 10 in Maces & Flails
 20070 | Orc:2    | Reached skill level 10 in Polearms
 20070 | Orc:2    | Reached skill level 10 in Staves
 20070 | Orc:2    | Reached skill level 10 in Ranged Weapons
 20070 | Orc:2    | Reached skill level 10 in Throwing
 20070 | Orc:2    | Reached skill level 10 in Armour
 20070 | Orc:2    | Reached skill level 10 in Stealth
 20070 | Orc:2    | Reached skill level 10 in Shields
 20070 | Orc:2    | Reached skill level 10 in Spellcasting
 20070 | Orc:2    | Reached skill level 10 in Evocations
 20115 | Orc:2    | Found Oghom's Antique Weapon Shop.
 20116 | Orc:2    | Found a roughly hewn altar of Beogh.
 20117 | Orc:2    | Found Inudoymock's Antique Armour Boutique.
 20184 | Orc:2    | Found a roughly hewn altar of Beogh.
 20187 | Orc:2    | Found Caecs's General Store.
 20270 | Orc:2    | Found a roughly hewn altar of Beogh.
 20276 | Orc:2    | Found Tenucab's Assorted Antiques.
 20484 | D:12     | Identified the amulet "Ehurr" {Faith *Corrode rF++ Regen+}
 20783 | D:12     | Reached XP level 15. HP: 106/117 MP: 29/29
 21080 | D:13     | Found a frozen archway.
 21123 | IceCv    | Entered an ice cave
 21235 | IceCv    | Found the +4 skin of Zhor {*Englaciate rC+++ SInv}
 21280 | IceCv    | Got Sypn's Grimoire of Indurated Attacks
 21827 | IceCv    | Identified the ring of the Puckish God {Wiz MP+9 Dex+2
                  | SInv}
 21989 | D:13     | Paralysed by an orc wizard for 5 turns
 22136 | D:13     | Identified the +2 quarterstaff of Luxury {freeze, Str+5}
 22139 | D:13     | Found a portal to a secret trove of treasure.
 22178 | D:13     | Found Gouchef's Neck Hole.
 22583 | D:14     | Got the Octavo of the Anticline
 22690 | D:14     | Found a gate to the Vaults.
 22696 | D:14     | Paralysed by a vampire knight for 3 turns
 22898 | D:14     | Found a sparkling altar of Nemelex Xobeh.
 23085 | D:15     | Entered Level 15 of the Dungeon
 23085 | D:15     | Found a staircase to the Depths.
 23132 | D:15     | Found a gate leading to a gauntlet.
 23139 | Gauntlet | Entered a Gauntlet
 23139 | Gauntlet | Found a transporter.
 23139 | Gauntlet | Found a transporter.
 23189 | Gauntlet | Found a transporter.
 23189 | Gauntlet | Found a transporter.
 23192 | Gauntlet | Found a transporter.
 23192 | Gauntlet | Found a transporter.
 23194 | Gauntlet | Found a large runed translucent door.
 23195 | Gauntlet | Found a large runed translucent door.
 23196 | Gauntlet | Found a large runed translucent door.
 23196 | Gauntlet | Found a large runed translucent door.
 23196 | Gauntlet | Found a runed translucent door.
 23197 | Gauntlet | Found a large runed translucent door.
 23198 | Gauntlet | Found a large runed translucent door.
 23199 | Gauntlet | Found a large runed translucent door.
 23199 | Gauntlet | Found a large runed translucent door.
 23200 | Gauntlet | Found a runed translucent gate.
 23204 | Gauntlet | Found a transporter.
 23206 | Gauntlet | Found a transporter.
 23221 | Gauntlet | Found a transporter.
 23222 | Gauntlet | Found a transporter.
 23240 | Gauntlet | Found a transporter.
 23244 | Gauntlet | Found a transporter.
 23246 | Gauntlet | Found a runed translucent gate.
 23246 | Gauntlet | Found a runed translucent gate.
 23247 | Gauntlet | Found a large runed translucent door.
 23247 | Gauntlet | Found a large runed translucent door.
 23248 | Gauntlet | Found a large runed translucent door.
 23249 | Gauntlet | Found a large runed translucent door.
 23250 | Gauntlet | Found a large runed translucent door.
 23250 | Gauntlet | Found a large runed translucent door.
 23250 | Gauntlet | Found a runed translucent door.
 23251 | Gauntlet | Found a large runed translucent door.
 23252 | Gauntlet | Found a large runed translucent door.
 23474 | Gauntlet | Identified the +1 cloak of the Cooper {Str+3}
 23477 | Gauntlet | Identified the granite talisman "Jimmu" {rCorr Int+4
                  | Stlth-}
 23525 | Gauntlet | Identified the +5 chain mail "Wonif Pas" {^Contam Int+5}
 23555 | Gauntlet | Identified the +5 hand axe "Eceiwad" {heavy, *Slow rCorr
                  | Int+8}
 23847 | D:15     | Found a hazy altar of Hepliaklqana.
 24611 | Shoals:1 | Entered Level 1 of the Shoals
 24654 | Shoals:1 | Found Vaixaw's Weapon Boutique.
 24659 | Shoals:1 | Found Genomn's Weapon Boutique.
 24858 | Lair:5   | Reached XP level 16. HP: 96/125 MP: 30/30
 24888 | Shoals:1 | Found Javix's Weapon Emporium.
 24977 | Shoals:1 | Found Entufuc's Distillery.
 24997 | Shoals:1 | Found Tysmuugh's Weapon Emporium.
 25086 | Shoals:1 | Noticed a kraken
 25196 | Snake:1  | Entered Level 1 of the Snake Pit
 25242 | Snake:1  | Noticed Mlioglotl
 25248 | Snake:1  | Noticed a tentacled starspawn
 25251 | Snake:1  | Killed Mlioglotl
 26049 | Snake:1  | Identified the +8 long sword of Big Damage {flame, rN++}
 26111 | Snake:1  | Learned a level 6 spell: Permafrost Eruption
 26799 | Snake:2  | Noticed Jorgrun
 26807 | Snake:2  | Killed Jorgrun
 27064 | Snake:2  | Identified the serpent talisman of Kindness {*Corrode rN+
                  | Str-4 Int+9}
 27064 | Snake:2  | Noticed Aizul
 27073 | Snake:2  | Killed Aizul
 27230 | Snake:2  | Reached XP level 17. HP: 112/133 MP: 32/32
 27500 | Snake:3  | Noticed Mara
 27505 | Snake:3  | Noticed Maxmaps's illusion
 27562 | Snake:3  | Learned a level 7 spell: Magnavolt
 27570 | Snake:3  | Learned a level 7 spell: Rimeblight
 27608 | Snake:3  | Noticed Maxmaps's illusion
 27617 | Snake:3  | Noticed Maxmaps's illusion
 27618 | Snake:3  | Killed Mara
 27619 | Snake:3  | Reached skill level 10 in Conjurations
 27619 | Snake:3  | Reached skill level 10 in Hexes
 27619 | Snake:3  | Reached skill level 10 in Summonings
 27619 | Snake:3  | Reached skill level 10 in Necromancy
 27619 | Snake:3  | Reached skill level 10 in Translocations
 27619 | Snake:3  | Reached skill level 10 in Fire Magic
 27619 | Snake:3  | Reached skill level 10 in Ice Magic
 27619 | Snake:3  | Reached skill level 10 in Air Magic
 27619 | Snake:3  | Reached skill level 10 in Earth Magic
 27619 | Snake:3  | Reached skill level 10 in Alchemy
 27885 | Snake:3  | Found a glowing silver altar of Zin.
 27920 | Snake:3  | Found a runed translucent gate.
 27920 | Snake:3  | Found a runed translucent gate.
 27920 | Snake:3  | Found a runed translucent gate.
 27924 | Snake:3  | Noticed rbyellow5's ghost (adept OpFi)
 27953 | Snake:3  | Killed rbyellow5's ghost
 28631 | Snake:4  | Entered Level 4 of the Snake Pit
 28643 | Snake:4  | Noticed Asterion
 28728 | Snake:4  | Noticed Agnes
 28741 | Snake:4  | Killed Agnes
 28994 | Snake:4  | Killed Asterion
 29817 | Snake:4  | Got a serpentine rune of Zot
 29948 | Snake:4  | Reached XP level 18. HP: 131/142 MP: 34/34
 30960 | Shoals:2 | Identified a scroll of acquirement
 31015 | Shoals:2 | Acquired 887 gold pieces
 31554 | Shoals:3 | Noticed Ilsuiw
 31559 | Shoals:3 | Killed Ilsuiw
 31724 | Shoals:3 | Noticed Polyphemus
 31729 | Shoals:3 | Killed Polyphemus
 31825 | Shoals:3 | Found a runed translucent door.
 31826 | Shoals:3 | Noticed Bunar's ghost (journeyman FeSh)
 31910 | Shoals:3 | Found Jaddaf's One-of-a-Kind Rings.
 31938 | Shoals:3 | Bought the ring of Bemn {Fly rN+ rMut rCorr} for 478 gold
                  | pieces
 32408 | Shoals:3 | Killed Bunar's ghost
 32444 | Shoals:4 | Entered Level 4 of the Shoals
 32444 | Shoals:4 | Noticed Bai Suzhen
 32458 | Shoals:3 | Killed Bai Suzhen
 32514 | Shoals:4 | Found a glowing silver altar of Zin.
 32543 | Shoals:4 | Found the +3 greatsling "Punk" {acid, rCorr}
 32548 | Shoals:4 | Identified the amulet of Xapuis {Faith rElec rN++ Int-2
                  | SInv}
 32558 | Shoals:4 | Got a barnacled rune of Zot
 32753 | Shoals:4 | Reached XP level 19. HP: 150/150 MP: 36/36
 32846 | Shoals:4 | Found a white marble altar of Elyvilon.
 32955 | Shoals:4 | Identified the +9 sling of Unreason {antimagic, rN++ Str-4
                  | Dex+5}
 32963 | Shoals:4 | Identified the amulet "Ruhyj" {rPois rC+ RegenMP+ Str+4
                  | Int+3}
 33050 | Shoals:4 | Found a glowing golden altar of the Shining One.
 33098 | Shoals:4 | Identified the +8 short sword "Ilogepp" {venom, rF+ rC+ rN+
                  | Will+}
 33101 | Shoals:4 | Identified the staff of the Sun {rF+ rN+ Dex+5 Fire}
 33716 | Elf:1    | Entered Level 1 of the Elven Halls
 33931 | Elf:1    | Identified the +0 scale mail "Bowole" {Str+4}
 34269 | Elf:1    | Reached skill level 15 in Unarmed Combat
 34540 | Elf:1    | Identified the +5 ring mail "Bouskaih" {rF+ Int+3}
 34772 | Elf:1    | Found a runed translucent gate.
 34772 | Elf:1    | Found a runed translucent gate.
 34772 | Elf:1    | Found a runed translucent gate.
 34772 | Elf:1    | Found a runed translucent gate.
 34772 | Elf:1    | Found a runed translucent gate.
 34774 | Elf:1    | Found a runed translucent gate.
 35099 | Elf:2    | Reached skill level 15 in Invocations
 35193 | Elf:2    | Found Suhamn's General Store.
 35194 | Elf:2    | Paralysed by an air elemental for 1 turns
 35217 | Elf:2    | Bought a +2 hat for 256 gold pieces
 35252 | Elf:2    | Identified the +4 dagger "Testudine's Death" {antimagic,
                  | Dex+3}
 35365 | Elf:2    | Identified the +3 spear of Ashenzari's Delight {drain,
                  | rCorr Str+3 SInv Stlth-}
 35499 | Elf:2    | Reached XP level 20. HP: 159/159 MP: 37/37
 35573 | Elf:2    | Paralysed by an air elemental for 1 turns
 35725 | Elf:2    | Found a huge runed translucent gate.
 35725 | Elf:2    | Found a huge runed translucent gate.
 35725 | Elf:2    | Found a huge runed translucent gate.
 35728 | Elf:2    | Found a huge runed translucent gate.
 35736 | Elf:2    | Found a huge runed translucent gate.
 36647 | Elf:3    | Entered Level 3 of the Elven Halls
 37457 | Elf:3    | Reached skill level 15 in Dodging
 37562 | Elf:3    | Paralysed by an air elemental for 1 turns
 37583 | Elf:3    | Identified the ring of Democracy {rPois rN+ Dex+2}
 37646 | Elf:3    | HP: 4/180 [deep elf elementalist/blast of rock fragments
                  | (9)]
 37802 | Elf:3    | Identified the +0 plate armour of Ziluduby {rPois rF+}
 37802 | Elf:3    | Identified the amulet "Amappias" {Spirit rF+ Dex+4 Slay-3}
 37960 | Elf:3    | Found the +3 Elemental Staff {ele, rElec rF+ rC+ AC+3}
 38082 | Elf:3    | Got the Cyclopedia of Aggregated Guile
 38435 | Lair:5   | Reached XP level 21. HP: 89/157 MP: 39/39
 38486 | Slime:1  | Entered Level 1 of the Pits of Slime
 38939 | Slime:1  | Learned a level 5 spell: Summon Mana Viper
 38947 | Slime:1  | Learned a level 7 spell: Monstrous Menagerie
 38996 | Slime:1  | Noticed Donald
 39000 | Slime:1  | Killed Donald
 39585 | Slime:2  | Noticed Dissolution
 39597 | Slime:1  | Killed Dissolution
 39598 | Slime:1  | Reached skill level 15 in Fighting
 39598 | Slime:1  | Reached skill level 15 in Shapeshifting
 40978 | Slime:5  | Entered Level 5 of the Pits of Slime
 40980 | Slime:5  | Reached skill level 15 in Short Blades
 40980 | Slime:5  | Reached skill level 15 in Long Blades
 40980 | Slime:5  | Reached skill level 15 in Axes
 40980 | Slime:5  | Reached skill level 15 in Maces & Flails
 40980 | Slime:5  | Reached skill level 15 in Polearms
 40980 | Slime:5  | Reached skill level 15 in Staves
 40980 | Slime:5  | Reached skill level 15 in Ranged Weapons
 40980 | Slime:5  | Reached skill level 15 in Throwing
 40980 | Slime:5  | Reached skill level 15 in Armour
 40980 | Slime:5  | Reached skill level 15 in Stealth
 40980 | Slime:5  | Reached skill level 15 in Shields
 40980 | Slime:5  | Reached skill level 15 in Spellcasting
 40980 | Slime:5  | Reached skill level 15 in Evocations
 41111 | Slime:5  | Noticed the Royal Jelly
 41122 | Slime:5  | Found a viscous altar of Jiyva.
 41126 | Slime:5  | Mangled by an azure jelly

Illustrated notes

Levels and vault maps discovered:
D:1:      onia_arrival_handbag, layout_basic
D:2:      layout_loops_ring, uniq_jessica
D:3:      layout_loops_ring, hellmonk_ecumenical_altar_heavens_door,
          reono_crystal_passage, uniq_crazy_yiuf_cottage
D:4:      layout_gridville, mainiacjoe_overflow_alcove_4,
          general_overflow_altar, minmay_temple_entry_ruins
D:5:      layout_basic, nicolae_qazlal_beasts_of_the_sky
D:6:      layout_layer_cave, mainiacjoe_overflow_alcove_2,
          grunt_temple_overflow_diamond
D:7:      layout_basic, serial_curves, eino_curves_03, eino_curves_03,
          uniq_maurice
D:8:      nicolae_hitomezashi [nicolae_hito_row, nicolae_hito_row,
          nicolae_hito_row, nicolae_hito_row, nicolae_hito_row,
          nicolae_hito_row, nicolae_hito_row, nicolae_hito_row,
          nicolae_hito_row, nicolae_hito_row, nicolae_hito_row,
          nicolae_hito_row, nicolae_hito_row, nicolae_hito_row,
          nicolae_hito_row, nicolae_hito_row, nicolae_hito_row,
          nicolae_hito_row], layout_loops_ring, dancing_weapons_uskayaw,
          mainiacjoe_overflow_24_doors, dpeg_lair_monsters
D:9:      layout_cave_pools, okawaru_altar_gauntlet_db,
          lemuel_zombie_altar_kikubaaqudgha, david_orc_5, serial_shops, shop
D:10:     layout_gridville, serial_shops, nicolae_shop_hallway_stairs
D:11:     layout_basic, nicolae_underground_beach
D:12:     layout_loops_ring
D:13:     layout_rooms, portal_ice_cave_entry_ice_simulacra,
          nicolae_trove_entry_crystal, nicolae_shop_sticking_my_neck_out
D:14:     layout_roguey, hellmonk_vaults_attempted_burglary,
          nemelex_diamond_rough_becter
D:15:     gammafunk_depths_entry_grave, layout_irregular_city,
          nzn_hepliaklqana_mist_gate, gauntlet_entry_generic,
          serial_column_ruins, column_ruins_open_medium, column_ruins_open_tiny,
          column_ruins_columns_straight, column_ruins_corridor_corner,
          column_ruins_open_tiny, hangedman_decor_points, kennysheep_two_boxes
Temple:   bh_familiar_temple
Lair:1:   layout_long_grid, minivault_19
Lair:2:   layout_big_grid, dummy_snake_entry, grunt_megastairs_2
Lair:3:   layout_small_grid, elwin_shoals_entry_rocks, beast_lair_carwin_7,
          grunt_megastairs_3, infiniplex_staircase_pool, lemuel_fruit_fields
Lair:4:   layout_roguey
Lair:5:   minmay_lair_end_enchanted_forest, layout_big_grid, slime_entry_2
Shoals:1: layout_shoals, serial_shops, shop, shop,
          nicolae_shop_bloodbath_and_beyond, shop,
          nicolae_shop_tiny_statue_garden,
          nicolae_shoals_lost_giant_amphitheater
Shoals:2: layout_shoals, nicolae_shoals_former_cling_halls
Shoals:3: layout_shoals, ebering_ghost_reflecting_pool,
          nicolae_shop_unique_rings, argonaut_gorgonesque, uniq_ilsuiw,
          uniq_polyphemus
Shoals:4: shoals_end_hellmonk_holy_island, uniq_bai_suzhen
Snake:1:  layout_chambers, hangedman_snake_pattern, nicolae_snake_lava_pool,
          uniq_mlioglotl
Snake:2:  layout_onion_interference, uniq_aizul, uniq_jorgrun
Snake:3:  layout_honeycomb, ebering_ghost_rock_garden, basic_altar, uniq_mara
Snake:4:  snake_pit_salamanders_mu, layout_basic, uniq_asterion, uniq_agnes
Slime:1:  layout_caves, uniq_donald
Slime:2:  layout_caves, uniq_dissolution
Slime:3:  layout_caves
Slime:4:  layout_caves
Slime:5:  slime_pit_nicolae_trefoil
Orc:1:    layout_diamond_mine, serial_shops, shop, shop,
          nicolae_shop_just_a_little_nook, nicolae_shop_tiny_glass
Orc:2:    grunt_orc_community_town_hall, layout_caves,
          grunt_orc_community_big_house_2, grunt_orc_community_big_house_2,
          grunt_orc_community_house_2, grunt_orc_community_house_2,
          grunt_orc_community_house_2, grunt_orc_community_house_2, basic_altar
Elf:1:    elf_arrival_001, layout_geoelf_octagon,
          hangedman_elven_crosses_minicolossus, small_statue_intersection,
          orc_legates, roderic_lattice_octagonal_star
Elf:2:    elven_hall_of_blades_hangedman_alternative [grunt_blade_entry_basic],
          layout_loops_ring, serial_shops, shop, mu_enter_wizlab_3
Elf:3:    minmay_elf_hall_spiked, layout_loops_ring

Skill      XL: |  1  2  3  4  5  6  7  8  9 10 11 12 13 14 15 16 17 18 19 20 21 |
---------------+----------------------------------------------------------------+-----
Invocations    | 1 2 3 4 5 6 7 8 9 10 11 12 13 14 15 16 | 16.3
Short Blades   | 1 2 3 5 6 7 8 9 10 11 12 13 14 15 | 15.0
Long Blades    | 1 2 3 5 6 7 8 9 10 11 12 13 14 15 | 15.0
Axes           | 1 2 3 5 6 7 8 9 10 11 12 13 14 15 | 15.0
Maces & Flails | 1 2 3 5 6 7 8 9 10 11 12 13 14 15 | 15.0
Polearms       | 1 2 3 5 6 7 8 9 10 11 12 13 14 15 | 15.0
Staves         | 1 2 3 5 6 7 8 9 10 11 12 13 14 15 | 15.0
Ranged Weapons | 1 2 3 5 6 7 8 9 10 11 12 13 14 15 | 15.0
Throwing       | 1 2 3 5 6 7 8 9 10 11 12 13 14 15 | 15.0
Armour         | 1 2 3 5 6 7 8 9 10 11 12 13 14 15 | 15.0
Stealth        | 1 2 3 5 6 7 8 9 10 11 12 13 14 15 | 15.0
Shields        | 1 2 3 5 6 7 8 9 10 11 12 13 14 15 | 15.0
Spellcasting   | 1 2 3 5 6 7 8 9 10 11 12 13 14 15 | 15.0
Evocations     | 1 2 3 5 6 7 8 9 10 11 12 13 14 15 | 15.0
Conjurations   | 1 2 3 4 5 6 7 8 9 10 11 12 | 12.8
Hexes          | 1 2 3 4 5 6 7 8 9 10 11 12 | 12.8
Summonings     | 1 2 3 4 5 6 7 8 9 10 11 12 | 12.8
Necromancy     | 1 2 3 4 5 6 7 8 9 10 11 12 | 12.8
Translocations | 1 2 3 4 5 6 7 8 9 10 11 12 | 12.8
Fire Magic     | 1 2 3 4 5 6 7 8 9 10 11 12 | 12.8
Ice Magic      | 1 2 3 4 5 6 7 8 9 10 11 12 | 12.8
Air Magic      | 1 2 3 4 5 6 7 8 9 10 11 12 | 12.8
Earth Magic    | 1 2 3 4 5 6 7 8 9 10 11 12 | 12.8
Alchemy        | 1 2 3 4 5 6 7 8 9 10 11 12 | 12.8
Fighting       | 3 4 5 6 7 8 9 10 11 12 13 14 15 | 15.2
Dodging        | 5 6 7 8 9 10 11 12 13 14 15 | 15.6
Unarmed Combat | 7 8 9 10 11 12 13 14 15 16 | 16.2
Shapeshifting  | 7 8 9 10 11 12 13 14 15 | 15.2

Action                     |  1- 3 |  4- 6 |  7- 9 | 10-12 | 13-15 | 16-18 | 19-21 || total
---------------------------+-------+-------+-------+-------+-------+-------+-------++-------
  Melee: Unarmed           |    64 |   112 |   351 |   665 |   938 |   712 |   688 ||  3530
         Bite              |     4 |     9 |    45 |   110 |    56 |    98 |    85 ||   407
         Punch             |     2 |     4 |    17 |    65 |    31 |       |       ||   119
         Constrict         |       |       |       |       |   181 |       |       ||   181
   Cast: Ozocubu's Armour  |       |       |       |       |    18 |     9 |     5 ||    32
         Blink             |       |       |       |       |     1 |     8 |     2 ||    11
         Permafrost Erupti |       |       |       |       |       |    19 |       ||    19
         Magnavolt         |       |       |       |       |       |    71 |    74 ||   145
         Rimeblight        |       |       |       |       |       |    19 |    18 ||    37
         Monstrous Menager |       |       |       |       |       |       |    42 ||    42
 Invoke: Slouch            |       |       |       |     1 |     8 |     8 |     1 ||    18
  Evoke: Wand              |       |       |       |    13 |     5 |     2 |     2 ||    22
    Use: Potion            |       |     4 |     2 |     1 |     2 |     3 |     7 ||    19
         Scroll            |       |       |    14 |    12 |     9 |     8 |    11 ||    54
   Stab: Sleeping          |     5 |     2 |     1 |     8 |    33 |    16 |     9 ||    74
         Paralysed         |       |       |       |     2 |       |       |       ||     2
         Distracted        |       |       |       |     1 |     3 |     1 |    13 ||    18
 Armour: Animal skin       |    27 |    18 |       |       |    42 |       |       ||    87
         Skin              |       |     7 |     6 |     1 |   398 |   743 |   529 ||  1684
         Scale mail        |       |    24 |   126 |       |       |       |       ||   150
         Ring mail         |       |       |    50 |   323 |    24 |       |       ||   397
         Ice dragon scales |       |       |       |       |    22 |       |       ||    22
  Dodge: Dodged            |    39 |    61 |   290 |   740 |  1158 |   922 |   741 ||  3951
  Block: Buckler           |       |       |       |       |     6 |   181 |       ||   187
         Kite shield       |       |       |       |       |       |   803 |   847 ||  1650
         Reflection        |       |       |       |       |       |   109 |    92 ||   201
   Form: Serpent           |       |       |       |       |     2 |       |       ||     2
         Maw               |       |       |       |       |     1 |       |       ||     1
                           |       |       |       |       |     1 |       |       ||     1
         Statue            |       |       |       |       |     1 |       |       ||     1

Table legend: (Time is in decaauts)
 A = Elapsed time spent in this place.
 B = Non-inter-level travel time spent in this place.
 C = Inter-level travel time spent in this place.
 D = Time resting spent in this place.
 E = Time spent auto-exploring this place.
 F = Levels seen in this place.
 G = Mean time per level.
                   A        B        C        D        E       F      G
               +--------+--------+--------+--------+--------+-----+--------+
         Total |  77521 |  67819 |   9702 |   3979 |  49789 |  41 | 1890.8 |
       Dungeon |  22172 |  19592 |   2580 |    928 |  15691 |  15 | 1478.1 |
        Temple |     56 |      3 |     53 |      0 |      0 |   1 |   56.0 |
          Lair |  11537 |   9265 |   2272 |   1199 |   6195 |   5 | 2307.4 |
        Shoals |   8940 |   8166 |    774 |    250 |   5647 |   4 | 2235.0 |
     Snake Pit |  12241 |  11118 |   1123 |    703 |   8131 |   4 | 3060.2 |
    Slime Pits |   6027 |   5326 |    701 |    253 |   4305 |   5 | 1205.4 |
  Orcish Mines |   3186 |   2756 |    430 |      0 |   2303 |   2 | 1593.0 |
   Elven Halls |  11206 |   9440 |   1766 |    468 |   6518 |   3 | 3735.3 |
      Ice Cave |   1182 |   1182 |      0 |    155 |    506 |   1 | 1182.0 |
      Gauntlet |    971 |    971 |      0 |     21 |    491 |   1 |  971.0 |
               +--------+--------+--------+--------+--------+-----+--------+

Top non-repeatable levels by time:
   Elf:2: 4125 daAuts
 Snake:1: 3997 daAuts
   Elf:3: 3707 daAuts
   Elf:1: 3374 daAuts
 Snake:3: 3256 daAuts
 Snake:4: 3239 daAuts
  Lair:5: 3158 daAuts
Shoals:3: 2641 daAuts
  Lair:3: 2499 daAuts
Shoals:1: 2330 daAuts
    D:15: 2140 daAuts
Shoals:2: 2127 daAuts
     D:8: 2112 daAuts
  Lair:1: 2108 daAuts
    D:10: 1990 daAuts
